Map: Dusty Gorge

Players

FusionTaco

  • Race: Protoss Protoss
  • Spawn Location: 9:00

Gavin

  • Race: Terran Terran
  • Spawn Location: 11:00

MonstroTown - Winner!

  • Race: Terran Terran
  • Spawn Location: 3:00

Michael - Winner!

  • Race: Protoss Protoss
  • Spawn Location: 5:00

VOD

Have the link to the VOD?

Description

Time

  • Played on: Sept. 2, 2018, 9:46 p.m.
  • Length: 9:15
Show
View Real Time Build Order
Export as new Build Order

FusionTaco Protoss 

Build Orders:  

Get SALT Encoding   

  12  0:01  Probe  
  13  0:14  Pylon  
  13  0:33  Gateway  
  13  0:37  Assimilator  
  13  0:42  Assimilator  
  13  0:45  Probe  
  14  0:53  Probe  
  14  1:01  Probe  
  15  1:09  Probe  
  16  1:17  Probe  
  17  1:23  Cybernetics Core  
  18  1:30  Probe  
  19  1:40  Pylon  
  19  2:07  Robotics Facility x2  
  19  2:16  Warp Gate  
  19  2:27  Forge  
  19  2:34  Pylon  
  19  2:56  Immortal  
  23  3:03  Immortal  
  27  3:29  Pylon  
  27  3:36  Photon Cannon  
  27  3:58  Gateway  
  27  4:13  Photon Cannon  
  27  4:31  Pylon  
  27  4:43  Immortal  
  31  4:56  Immortal  
  35  5:34  Pylon  
  35  5:57  Zealot x2  
  31  6:23  Photon Cannon  
  31  6:26  Pylon  
  31  6:33  Photon Cannon  
  31  6:35  Pylon  
  31  6:44  Photon Cannon  
  31  6:47  Photon Cannon  
  30  7:02  Immortal  
  26  7:14  Immortal  
  32  8:02  Gateway  
  32  8:03  Gateway  
  32  8:11  Shield Battery  
  16  8:44  Stalker  
  16  8:45  Stalker  
Show
View Real Time Build Order
Export as new Build Order

Gavin Terran 

Build Orders:  

Get SALT Encoding   

  12  0:01  SCV  
  13  0:15  Supply Depot  
  13  0:18  SCV  
  14  0:31  SCV  
  15  0:43  SCV  
  15  0:45  Barracks  
  16  0:54  Refinery  
  16  0:55  SCV  
  17  1:07  SCV  
  18  1:19  SCV  
  19  1:34  Marine  
  20  1:47  SCV  
  20  1:48  Refinery  
  20  1:51  Marine  
  22  1:59  SCV  
  23  2:09  Factory  
  23  2:22  Supply Depot  
  23  2:44  SCV, Marine  
  23  2:45  Supply Depot  
  25  2:54  Factory Tech Lab  
  25  2:56  SCV  
  26  3:07  Supply Depot  
  26  3:15  Barracks Reactor  
  26  3:17  Barracks  
  26  3:29  Siege Tank  
  26  3:32  Factory  
  29  3:42  Supply Depot  
  29  3:51  Marine x2  
  31  4:01  Siege Tank  
  34  4:05  Supply Depot  
  34  4:07  Barracks Reactor  
  34  4:09  Marine x2  
  36  4:18  Factory Reactor  
  36  4:21  Factory Tech Lab  
  36  4:27  Supply Depot, Marine x2  
  38  4:39  Siege Tank  
  38  4:44  Siege Tank, Marine  
  45  4:47  Marine x2  
  47  4:54  Marine  
  48  5:02  Marine  
  48  5:05  Marine x2  
  51  5:21  Siege Tank  
  51  5:23  Siege Tank, Marine x2  
  52  5:53  SCV  
  53  6:04  Siege Tank  
  53  6:05  SCV  
  53  6:07  Marine x2  
  59  6:17  SCV  
  50  7:20  Siege Tank  
  50  7:22  Siege Tank  
  56  7:25  Marine x3  
  56  7:26  Marine  
  54  7:43  Marine x2  
  42  7:56  Marine  
  43  8:35  Command Center  
Show
View Real Time Build Order
Export as new Build Order

MonstroTown Terran - Winner!

Build Orders: Liberator Opening, Reaper Expand 

Get SALT Encoding   

  12  0:01  SCV  
  13  0:13  SCV  
  14  0:19  Supply Depot  
  14  0:25  SCV  
  15  0:40  SCV  
  15  0:41  Barracks  
  16  0:47  Refinery  
  16  0:52  SCV  
  17  1:04  SCV  
  18  1:16  SCV  
  19  1:32  Command Center  
  19  1:34  Reaper  
  20  1:46  Orbital Command  
  20  2:03  Supply Depot  
  20  2:10  Barracks  
  20  2:13  SCV  
  21  2:23  Factory  
  21  2:26  SCV  
  22  2:34  Marine  
  23  2:40  SCV  
  23  2:44  Orbital Command  
  24  2:51  Refinery  
  24  2:52  Marine  
  25  2:59  Barracks Reactor  
  25  3:04  SCV  
  26  3:12  Marine, Starport  
  27  3:14  Factory Tech Lab  
  26  3:21  SCV x2  
  28  3:30  Engineering Bay, Marine  
  28  3:33  SCV  
  30  3:42  Siege Tank  
  30  3:44  SCV  
  30  3:46  Marine  
  30  3:48  SCV  
  36  3:52  Liberator  
  36  4:03  Marine  
  39  4:12  Barracks Tech Lab  
  39  4:20  SCV x2, Marine  
  39  4:21  Marine  
  43  4:35  Barracks  
  43  4:36  Engineering Bay, Supply Depot, Barracks  
  43  4:37  Siege Tank  
  46  4:44  Liberator  
  46  4:46  Marine  
  46  4:47  SCV x2  
  46  4:50  Marine x2  
  54  5:18  Marine x2  
  54  5:21  SCV x2  
  58  5:25  Terran Infantry Weapons Level 1, Supply Depot  
  58  5:30  Barracks Reactor  
  58  5:37  Refinery  
  58  5:38  Refinery  
  55  6:06  Marine x4  
  55  6:07  Barracks Tech Lab  
  55  6:10  Marauder  
  61  6:11  Combat Shields  
  61  6:26  Marine x3  
  61  6:27  Command Center, Marauder  
  61  6:28  Starport Reactor  
  61  6:29  Siege Tank  
  69  6:36  Command Center  
  50  7:17  Marine x2  
  50  7:18  Marine x2  
  50  7:19  Marauder x2  
  50  7:20  Siege Tank  
  50  7:21  Medivac x2  
  62  7:40  Marauder  
  62  7:42  Marine x2  
  66  7:44  Marauder  
  66  7:48  Marine  
  66  7:49  Marine  
  70  7:52  Orbital Command  
  70  8:00  Marine x2  
  70  8:01  Marine  
  70  8:05  Marine  
  73  8:06  Marine  
  73  8:09  Armory  
  75  8:23  Marine  
  75  8:24  Medivac x2  
  75  8:25  Marine x2  
Show
View Real Time Build Order
Export as new Build Order

Michael Protoss - Winner!

Build Orders:  

Get SALT Encoding   

  1  0:00  Probe  
  12  0:05  Probe  
  14  0:24  Probe, Pylon  
  16  0:42  Probe  
  16  0:48  Gateway  
  16  0:53  Probe  
  16  0:56  Gateway  
  17  1:01  Probe  
  17  1:03  Assimilator  
  17  1:09  Probe  
  19  1:21  Probe  
  19  1:24  Assimilator  
  20  1:31  Pylon  
  20  1:41  Cybernetics Core  
  20  1:53  Gateway  
  20  1:54  Zealot  
  20  1:55  Zealot  
  24  2:06  Probe  
  25  2:18  Warp Gate  
  25  2:23  Nexus  
  25  2:27  Probe  
  26  2:43  Zealot  
  26  2:44  Zealot  
  30  3:01  Pylon  
  30  3:14  Pylon  
  30  3:16  Pylon  
  30  3:17  Pylon  
  30  3:19  Adept  
  32  3:24  Probe  
  33  3:36  Probe  
  34  3:45  Stargate  
  34  3:48  Probe  
  35  3:54  Probe  
  35  4:00  Probe  
  35  4:02  Probe  
  37  4:06  Stalker  
  40  4:12  Probe x2  
  40  4:14  Zealot  
  44  4:24  Probe x2  
  45  4:26  Stargate  
  46  4:36  Probe  
  47  4:41  Forge  
  47  4:50  Probe  
  47  4:52  Assimilator x2  
  47  4:54  Void Ray  
  47  4:58  Probe  
  53  5:07  Probe, Gateway  
  53  5:12  Gateway  
  54  5:16  Pylon  
  54  5:19  Probe  
  55  5:28  Probe  
  55  5:31  Probe  
  57  5:36  Probe  
  58  5:43  Probe  
  58  5:46  Probe  
  58  5:55  Probe  
  57  5:58  Probe  
  50  6:07  Probe  
  50  6:11  Stalker  
  53  6:12  Zealot x2  
  55  6:23  Nexus  
  55  6:25  Void Ray x2  
  63  6:29  Stalker x2  
  67  6:49  Pylon  
  63  6:54  Pylon  
  63  6:58  Pylon  
  61  7:05  Pylon  
  61  7:08  Stalker x2  
  57  7:09  Zealot x3  
  57  7:14  Void Ray  
  57  7:15  Pylon  
  67  7:20  Void Ray  
  71  7:30  Zealot x3  
  63  7:53  Stalker  
  63  7:56  Void Ray, Probe x2  
  63  7:57  Probe  
  72  8:03  Void Ray  
  72  8:04  Probe x2  
  72  8:05  Probe  
  76  8:08  Zealot  
  76  8:09  Zealot  
  76  8:12  Probe x2  
  83  8:13  Probe  
  86  8:24  Probe x3  
  86  8:25  Pylon  
  89  8:36  Probe x3  
  96  8:43  Zealot x2  
  96  8:44  Zealot x2  
  96  8:45  Zealot  
  104  9:10  Zealot  
  104  9:11  Zealot x3  
  104  9:12  Zealot  
Tags
 
Add a new tag
Caveats
  • Supply blocks, unpowered buildings, or Contaminate may cause inaccurate times.
  • Supply counts are checked every 10 seconds.